 Dungeon Crawl Stone Soup version 0.17.1-2-g5865329 (webtiles) character file.

403 Jerry the Shield-Bearer (level 6, -3/63 HPs)
             Began as an Octopode Fighter on Jan 28, 2016.
             Was a Follower of Ashenzari.
             Killed from afar by an orc wizard (11 damage)
             ... with a puff of flame
             ... on level 4 of the Dungeon.
             The game lasted 00:25:38 (3108 turns).

Jerry the Shield-Bearer (Octopode Fighter)          Turns: 3108, Time: 00:25:38

Health: -3/63      AC: 28    Str: 16    XL:     6   Next: 86%
Magic:  6/6        EV:  2    Int: 10    God:    Ashenzari [*.....]
Gold:   226        SH:  5    Dex: 13    Spells: 0 memorised, 5 levels left

rFire  . . .     SeeInvis .     e - +1 rapier (protect) (curse)
rCold  + . .     Clarity  .     i - +0 buckler
rNeg   + + +     SustAt   .     (helmet currently unavailable)
rPois  +         Gourm    .     (no amulet)
rElec  .         Spirit   .     g - ring of protection from cold (curse)
rCorr  .         Warding  .     p - ring of wizardry (curse)
rMut   .         NoTele   +     (no ring)
MR     .....                    (no ring)
Stlth  ++........               (no ring)
                                (no ring)
                                (no ring)
                                (no ring)

@: tree-form, not resistant to hostile enchantments, unstealthy
A: almost no armour, amphibious, 8 rings, (constrict 8), (camouflage 0),
(gelatinous body 0)
a: Scrying, Renounce Religion


You were on level 4 of the Dungeon.
You worshipped Ashenzari.
Ashenzari was aware of your devotion.
You were not hungry.
You were a tree.
You visited 1 branch of the dungeon, and saw 5 of its levels.

You collected 226 gold pieces.

Inventory:

Hand Weapons
 a - a +0 long sword
 e - a cursed +1 rapier of protection (weapon)
Missiles
 q - 21 steel sling bullets (quivered)
Armour
 b - a +0 shield
 i - a +0 buckler (worn)
 m - a cursed +2 hat (melded)
Jewellery
 g - a cursed ring of protection from cold (left branch)
 p - a cursed ring of wizardry (right branch)
Wands
 r - a wand of digging (17)
Scrolls
 f - a scroll of enchant weapon {unknown}
 j - a scroll of amnesia {unknown}
 k - a scroll of teleportation
 l - 2 scrolls of fog {unknown}
 o - 2 scrolls of recharging {unknown}
 t - 5 scrolls of curse jewellery
 v - a scroll of magic mapping {unknown}
 w - a scroll of noise {unknown}
Potions
 h - 3 potions of lignification
 s - 4 potions of brilliance
 u - 2 potions of curing
 z - a potion of might
 A - 2 potions of heal wounds {unknown}
Comestibles
 c - 3 fruits
 d - 3 bread rations
 n - a beef jerky


   Skills:
 - Level 3.0 Fighting
 + Level 1.4(3.2) Short Blades
 - Level 4.5(4.7) Long Blades
 + Level 4.2 Dodging
 + Level 1.5 Stealth
 + Level 4.8 Shields


You had 5 spell levels left.
You didn't know any spells.

Dungeon Overview and Level Annotations

Branches:
Dungeon (5/15)
 Temple: D:4-7

Altars:
Ashenzari
Elyvilon
Fedhas
Kikubaaqudgha
Qazlal
Trog
Xom


Innate Abilities, Weirdness & Mutations

You cannot wear most types of armour.
You are amphibious.
You can wear up to eight rings at the same time.
((You can use your tentacles to constrict eight enemies at once.))
((Your skin changes colour to match your surroundings (Stealth).))
((Your rubbery body absorbs attacks (AC +1).))


Message History

A puff of flame appears from out of thin air!
The puff of flame hits you!
* * * LOW HITPOINT WARNING * * *
Something hits you.
* * * LOW HITPOINT WARNING * * *
Something hits you but does no damage. Something hits you.
* * * LOW HITPOINT WARNING * * *
Drink which item? (? for menu, Esc to quit)
You turn into a tree.
Your cursed +2 hat melds into your body.
Your roots penetrate the ground.
Something hits you but does no damage.
Okay, then.
You barely miss something.
An orc wizard appears from thin air!
Reactivating autopickup.
The orc wizard completely misses you.
You barely miss the orc wizard.
The orc wizard points at you and mumbles some strange words.
The puff of flame hits you!
You die...

##.. . #.#.## .... #...#
.... #.### .... #{# ....
#.# .... #.# .... #.# ####
#.########### #.
#..♣........# #####..
#..o........#
.......#######...........#
##.............###########
##.............#
##.............#
##..........[..#
##.............#
##.............#


You could see an orc wizard.

Vanquished Creatures
  An ogre (D:3)
  2 orc wizards (D:4)
  2 worker ants (D:4)
  Natasha (thrice) (D:2)
  An iguana (D:4)
  4 adders
  3 oozes
  2 adder skeletons
  4 worms
  8 orcs
  8 bats
  5 giant cockroaches
  9 goblins
  4 hobgoblins
  9 jackals (D:2)
  A quokka (D:3)
  3 giant geckos
  3 giant newts
  8 kobolds
  7 rats
87 creatures vanquished.

Notes
Turn   | Place    | Note
--------------------------------------------------------------
     0 | D:1      | Jerry the Octopode Fighter began the quest for the Orb.
     0 | D:1      | Reached XP level 1. HP: 16/16 MP: 1/1
    46 | D:1      | Reached XP level 2. HP: 17/21 MP: 2/2
   285 | D:1      | Reached XP level 3. HP: 18/26 MP: 3/3
   624 | D:2      | Noticed Natasha
   804 | D:2      | Killed Natasha
   804 | D:2      | Reached XP level 4. HP: 31/31 MP: 4/4
   897 | D:2      | Reached skill level 4 in Shields
   928 | D:2      | Found an ancient bone altar of Kikubaaqudgha.
  1095 | D:2      | Found a shattered altar of Ashenzari.
  1164 | D:2      | Noticed Natasha
  1171 | D:2      | Killed Natasha
  1171 | D:2      | Reached XP level 5. HP: 27/36 MP: 5/5
  1259 | D:2      | Noticed Natasha
  1263 | D:2      | Killed Natasha
  1298 | D:2      | Found a bloodstained altar of Trog.
  1304 | D:2      | Became a worshipper of Ashenzari the Shackled
  1574 | D:2      | Found a shimmering altar of Xom.
  1760 | D:3      | Noticed an ogre
  1766 | D:3      | Killed an ogre
  2272 | D:3      | Reached XP level 6. HP: 42/42 MP: 6/6
  2376 | D:3      | Found a blossoming altar of Fedhas.
  2521 | D:4      | Found a stormy altar of Qazlal.
  2592 | D:4      | Reached skill level 1 in Short Blades
  2633 | D:4      | Found a white marble altar of Elyvilon.
  2862 | D:4      | Reached skill level 1 in Stealth
  2957 | D:5      | Entered Level 5 of the Dungeon
  2995 | D:5      | Reached * piety under Ashenzari
  3108 | D:4      | Killed from afar by an orc wizard

Action                   |  1- 3 |  4- 6 || total
-------------------------+-------+-------++-------
Melee: Long sword        |    49 |   101 ||   150
       Rapier            |       |    49 ||    49
  Use: Scroll            |       |    10 ||    10
       Potion            |       |     2 ||     2
 Stab: Sleeping          |     3 |     6 ||     9
  Eat: Chunk             |       |     7 ||     7
